General information
- name: BNet
- type: Ladder team game (AT/RT)
- host: Battle.net
- saver: iggy_the_fisk
map: FullScaleAssault
- players: 8
- length: 35:35
- speed: Fast
- version: 1.21 W3XP
- replay type:

» download(341 KB)
Players
team 1 (winner)
bLinn (
red | 106 APM | 3774 actions | 35:34)
6 Blademaster
3 Wind Walk
2 Critical Strike
1 Bladestorm
» actions
| Assign group hotkey | 377 | |
| Basic commands | 22 | |
| Build / train | 98 | |
| ESC pressed | 3 | |
| Enter build submenu | 53 | |
| Enter hero's abilities submenu | 6 | |
| Right click | 1968 | |
| Select / deselect | 458 | |
| Select group hotkey | 445 | |
| Use ability | 344 | |
3774 total
» units
» upgrades
| Ranged Weapons | 3 | |
| Armor | 3 | |
| Liquid Fire | 1 | |
| Reinforced Defenses | 2 | |
| Spiked Barricades | 2 | |
| Envenomed Spears | 1 | |
12 total
» buildings
| Altar of Storms | 1 | |
| Orc Burrow | 8 | |
| War Mill | 1 | |
| Watch Tower | 24 | |
| Voodoo Lounge | 4 | |
| Stronghold | 3 | |
| Beastiary | 6 | |
| Fortress | 2 | |
| Great Hall | 1 | |
50 total
» build order
00:03 Altar of Storms
00:11 Orc Burrow
00:36 War Mill
02:02 Watch Tower
02:19 Watch Tower
02:56 Orc Burrow
03:20 Watch Tower
03:24 Watch Tower
03:55 Voodoo Lounge
04:00 Voodoo Lounge
04:19 Stronghold
04:19 Stronghold
05:21 Orc Burrow
05:22 Orc Burrow
05:36 Watch Tower
06:07 Watch Tower
06:54 Watch Tower
07:04 Beastiary
07:05 Beastiary
07:20 Watch Tower
07:28 Watch Tower
07:59 Fortress
09:42 Watch Tower
11:34 Watch Tower
11:40 Watch Tower
12:12 Great Hall
13:25 Watch Tower
13:26 Watch Tower
13:34 Watch Tower
14:25 Watch Tower
14:46 Watch Tower
15:48 Watch Tower
15:56 Watch Tower
17:01 Watch Tower
17:12 Beastiary
17:26 Voodoo Lounge
17:39 Beastiary
18:30 Watch Tower
19:13 Watch Tower
20:18 Voodoo Lounge
20:54 Watch Tower
21:02 Watch Tower
21:50 Orc Burrow
21:51 Orc Burrow
21:52 Orc Burrow
21:52 Orc Burrow
26:55 Beastiary
26:56 Beastiary
» items
| Healing Salve | 4 | |
| Lesser Clarity Potion | 6 | |
| Orb of Lightning | 1 | |
| Scroll of Town Portal | 2 | |
| Staff of Teleportation | 1 | |
| Boots of Speed | 1 | |
15 total
CRYTEARSOFBLOOD (
orange | 136 APM | 4852 actions | 35:34)
4 Archmage
2 Summon Water Elemental
2 Brilliance Aura
4 Mountain King
2 Storm Bolt
2 Bash
4 Paladin
2 Holy Light
2 Divine Shield
» actions
| Assign group hotkey | 29 | |
| Basic commands | 100 | |
| Build / train | 108 | |
| Enter build submenu | 56 | |
| Enter hero's abilities submenu | 12 | |
| Give item / drop item | 4 | |
| Remove unit from queue | 5 | |
| Right click | 1943 | |
| Select / deselect | 737 | |
| Select group hotkey | 1614 | |
| Use ability | 243 | |
4852 total
» units
| Peasant | 21 | |
| Mortar Team | 5 | |
| Goblin Zeppelin | 1 | |
| Goblin Shredder | 1 | |
| Dragonhawk Rider | 6 | |
34 total
» upgrades
| Masonry | 3 | |
| Gunpowder | 2 | |
| Flare | 1 | |
| Fragmentation Shards | 1 | |
| Cloud | 1 | |
| Animal War Training | 1 | |
| Lumber Harvesting | 1 | |
10 total
» buildings
| Altar of Kings | 1 | |
| Farm | 12 | |
| Arcane Vault | 1 | |
| Lumber Mill | 1 | |
| Keep | 4 | |
| Blacksmith | 1 | |
| Scout Tower | 37 | |
| Guard Tower | 14 | |
| Workshop | 2 | |
| Castle | 2 | |
| Town Hall | 4 | |
| Gryphon Aviary | 3 | |
| Barracks | 1 | |
83 total
» build order
00:07 Altar of Kings
00:11 Farm
00:52 Farm
01:23 Farm
02:25 Arcane Vault
03:16 Lumber Mill
03:20 Farm
03:37 Keep
03:37 Keep
03:37 Keep
03:41 Blacksmith
04:08 Scout Tower
04:10 Scout Tower
04:44 Guard Tower
04:46 Farm
05:18 Guard Tower
06:19 Workshop
06:22 Workshop
07:05 Farm
07:10 Castle
07:10 Castle
07:15 Scout Tower
07:16 Scout Tower
07:17 Scout Tower
07:19 Scout Tower
07:20 Scout Tower
08:00 Guard Tower
09:10 Guard Tower
10:18 Guard Tower
10:50 Farm
10:51 Farm
10:54 Farm
10:55 Farm
10:56 Guard Tower
11:37 Farm
12:53 Farm
14:09 Town Hall
14:17 Scout Tower
14:20 Scout Tower
14:21 Scout Tower
16:23 Guard Tower
16:25 Scout Tower
16:27 Scout Tower
16:29 Scout Tower
17:44 Guard Tower
18:08 Gryphon Aviary
18:11 Gryphon Aviary
18:16 Gryphon Aviary
18:22 Town Hall
19:33 Scout Tower
19:37 Scout Tower
19:39 Scout Tower
19:42 Scout Tower
19:47 Scout Tower
19:48 Scout Tower
20:06 Scout Tower
20:07 Scout Tower
20:08 Scout Tower
20:10 Scout Tower
20:12 Scout Tower
20:13 Scout Tower
20:14 Scout Tower
20:17 Scout Tower
20:25 Barracks
21:07 Guard Tower
23:27 Guard Tower
23:46 Town Hall
24:48 Guard Tower
24:57 Scout Tower
25:40 Guard Tower
26:12 Town Hall
26:16 Scout Tower
26:18 Scout Tower
26:19 Scout Tower
26:20 Scout Tower
26:21 Scout Tower
28:46 Guard Tower
30:02 Scout Tower
30:03 Scout Tower
30:33 Guard Tower
30:36 Scout Tower
30:38 Scout Tower
» items
| Scroll of Regeneration | 2 | |
| Lesser Clarity Potion | 3 | |
| Staff of Sanctuary | 2 | |
| Boots of Speed | 2 | |
| Staff of Teleportation | 3 | |
| Potion of Lesser Invulnerability | 1 | |
13 total
iggy_the_fisk (
purple | 102 APM | 3640 actions | 35:35)
5 Archmage
3 Blizzard
2 Brilliance Aura
4 Blood Mage
2 Flame Strike
2 Siphon Mana
4 Pit Lord
2 Rain of Fire
2 Cleaving Attack
» actions
| Assign group hotkey | 147 | |
| Basic commands | 12 | |
| Build / train | 108 | |
| Enter build submenu | 82 | |
| Enter hero's abilities submenu | 14 | |
| Give item / drop item | 9 | |
| Right click | 1602 | |
| Select / deselect | 382 | |
| Select group hotkey | 1025 | |
| Use ability | 259 | |
3640 total
» units
» upgrades
| Masonry | 3 | |
| Lumber Harvesting | 2 | |
| Magic Sentry | 1 | |
6 total
» buildings
| Altar of Kings | 1 | |
| Farm | 8 | |
| Scout Tower | 75 | |
| Lumber Mill | 2 | |
| Arcane Tower | 4 | |
| Guard Tower | 34 | |
| Arcane Vault | 2 | |
| Town Hall | 2 | |
| Keep | 1 | |
| Castle | 1 | |
| Arcane Sanctum | 1 | |
131 total
» build order
00:21 Altar of Kings
00:35 Farm
00:52 Scout Tower
01:14 Lumber Mill
01:18 Arcane Tower
01:18 Arcane Tower
01:23 Scout Tower
01:41 Scout Tower
01:47 Farm
02:08 Scout Tower
02:17 Guard Tower
02:21 Arcane Vault
02:32 Scout Tower
02:38 Guard Tower
02:38 Guard Tower
02:40 Scout Tower
03:10 Farm
03:11 Arcane Tower
03:25 Scout Tower
03:32 Guard Tower
03:34 Scout Tower
03:59 Guard Tower
04:03 Town Hall
04:55 Guard Tower
04:57 Scout Tower
04:58 Scout Tower
05:22 Scout Tower
05:23 Scout Tower
05:27 Keep
05:53 Guard Tower
05:54 Scout Tower
07:04 Guard Tower
07:06 Scout Tower
07:07 Scout Tower
07:08 Scout Tower
08:00 Guard Tower
08:02 Scout Tower
08:04 Guard Tower
08:06 Scout Tower
08:07 Scout Tower
08:10 Castle
08:13 Farm
08:16 Arcane Sanctum
09:18 Guard Tower
09:19 Scout Tower
09:21 Scout Tower
09:22 Scout Tower
10:01 Guard Tower
10:03 Scout Tower
10:10 Scout Tower
10:11 Scout Tower
10:20 Guard Tower
10:22 Scout Tower
10:23 Scout Tower
10:24 Scout Tower
11:18 Guard Tower
11:19 Scout Tower
11:20 Scout Tower
11:54 Guard Tower
11:56 Scout Tower
12:00 Scout Tower
12:09 Guard Tower
12:28 Guard Tower
12:29 Scout Tower
12:33 Scout Tower
12:34 Scout Tower
12:35 Scout Tower
13:39 Guard Tower
13:40 Scout Tower
13:44 Scout Tower
14:50 Guard Tower
14:52 Scout Tower
14:53 Scout Tower
14:55 Guard Tower
15:01 Scout Tower
15:02 Scout Tower
15:03 Scout Tower
15:03 Scout Tower
15:04 Scout Tower
15:43 Guard Tower
15:48 Guard Tower
15:50 Scout Tower
15:51 Scout Tower
15:54 Guard Tower
17:50 Guard Tower
17:51 Scout Tower
17:52 Scout Tower
17:55 Guard Tower
17:58 Scout Tower
17:59 Scout Tower
19:27 Guard Tower
19:33 Arcane Vault
19:34 Scout Tower
19:35 Scout Tower
19:37 Guard Tower
19:42 Scout Tower
19:50 Lumber Mill
21:33 Guard Tower
24:53 Guard Tower
25:01 Scout Tower
25:02 Scout Tower
25:04 Scout Tower
25:07 Scout Tower
25:08 Scout Tower
27:29 Guard Tower
28:58 Scout Tower
28:59 Scout Tower
29:02 Scout Tower
29:04 Scout Tower
29:06 Scout Tower
29:06 Scout Tower
29:31 Guard Tower
29:51 Farm
30:05 Farm
30:06 Farm
30:10 Scout Tower
30:11 Scout Tower
30:17 Farm
30:35 Scout Tower
30:38 Scout Tower
30:39 Scout Tower
30:40 Guard Tower
31:13 Guard Tower
31:30 Scout Tower
34:17 Town Hall
34:23 Scout Tower
34:24 Scout Tower
34:25 Scout Tower
34:26 Scout Tower
35:11 Guard Tower
» items
| Healing Salve | 3 | |
| Staff of Teleportation | 3 | |
| Boots of Speed | 3 | |
| Tome of Retraining | 1 | |
| Orb of Lightning | 2 | |
| Staff of Sanctuary | 2 | |
| Scroll of Town Portal | 3 | |
| Potion of Healing | 1 | |
| Lesser Clarity Potion | 1 | |
| Scroll of Regeneration | 1 | |
20 total
NUTSONYOCHIN.de (
green | 92 APM | 3262 actions | 35:34)
6 Archmage
1 Summon Water Elemental
2 Brilliance Aura
3 Blizzard
3 Mountain King
2 Storm Bolt
1 Bash
3 Paladin
2 Holy Light
1 Divine Shield
» actions
| Assign group hotkey | 4 | |
| Basic commands | 67 | |
| Build / train | 105 | |
| ESC pressed | 8 | |
| Enter build submenu | 70 | |
| Enter hero's abilities submenu | 12 | |
| Give item / drop item | 5 | |
| Right click | 1539 | |
| Select / deselect | 335 | |
| Select group hotkey | 865 | |
| Use ability | 252 | |
3262 total
» units
| Peasant | 27 | |
| Goblin Zeppelin | 1 | |
| Flying Machine | 4 | |
32 total
» upgrades
| Masonry | 3 | |
| Lumber Harvesting | 2 | |
| Magic Sentry | 1 | |
| Gunpowder | 2 | |
| Plating | 1 | |
| Flak Cannons | 1 | |
10 total
» buildings
| Lumber Mill | 1 | |
| Farm | 9 | |
| Altar of Kings | 1 | |
| Scout Tower | 79 | |
| Arcane Tower | 1 | |
| Guard Tower | 24 | |
| Keep | 1 | |
| Arcane Sanctum | 1 | |
| Town Hall | 5 | |
| Castle | 1 | |
| Arcane Vault | 8 | |
| Blacksmith | 1 | |
| Workshop | 3 | |
135 total
» build order
00:11 Lumber Mill
00:13 Farm
01:04 Altar of Kings
01:07 Scout Tower
01:34 Arcane Tower
01:39 Scout Tower
02:05 Scout Tower
02:07 Guard Tower
02:19 Scout Tower
02:35 Guard Tower
02:57 Scout Tower
03:26 Farm
03:27 Farm
03:31 Guard Tower
03:34 Scout Tower
03:35 Scout Tower
03:37 Scout Tower
04:05 Guard Tower
04:18 Guard Tower
04:50 Guard Tower
05:30 Scout Tower
05:35 Scout Tower
05:35 Scout Tower
07:02 Keep
07:22 Scout Tower
07:24 Scout Tower
07:37 Scout Tower
07:39 Scout Tower
07:41 Scout Tower
07:41 Scout Tower
07:42 Scout Tower
07:42 Scout Tower
08:06 Guard Tower
08:43 Guard Tower
08:43 Guard Tower
08:48 Scout Tower
08:48 Scout Tower
09:04 Scout Tower
09:05 Scout Tower
09:06 Scout Tower
09:06 Scout Tower
09:07 Scout Tower
09:07 Scout Tower
09:10 Guard Tower
09:14 Scout Tower
09:17 Scout Tower
09:19 Scout Tower
09:23 Guard Tower
09:26 Guard Tower
09:57 Scout Tower
09:57 Scout Tower
09:59 Scout Tower
10:09 Guard Tower
10:12 Arcane Sanctum
10:31 Guard Tower
10:46 Guard Tower
10:56 Town Hall
10:58 Scout Tower
10:58 Scout Tower
10:59 Scout Tower
11:00 Scout Tower
11:05 Scout Tower
11:06 Scout Tower
11:07 Scout Tower
11:17 Scout Tower
11:18 Scout Tower
11:27 Castle
11:31 Guard Tower
11:33 Scout Tower
11:34 Scout Tower
11:35 Scout Tower
11:36 Scout Tower
11:37 Scout Tower
11:40 Scout Tower
11:41 Scout Tower
11:41 Scout Tower
11:42 Scout Tower
12:00 Guard Tower
13:17 Guard Tower
13:47 Guard Tower
15:43 Town Hall
16:03 Farm
16:03 Farm
16:04 Farm
16:05 Farm
16:56 Arcane Vault
16:57 Arcane Vault
17:00 Arcane Vault
17:05 Arcane Vault
17:09 Arcane Vault
17:13 Arcane Vault
19:21 Arcane Vault
22:57 Town Hall
23:22 Scout Tower
23:22 Scout Tower
23:23 Scout Tower
23:24 Scout Tower
23:28 Town Hall
23:30 Scout Tower
23:31 Scout Tower
23:31 Scout Tower
23:32 Scout Tower
23:54 Guard Tower
23:59 Guard Tower
24:37 Guard Tower
30:03 Blacksmith
30:08 Farm
30:09 Farm
30:33 Town Hall
30:36 Arcane Vault
30:39 Scout Tower
30:40 Scout Tower
30:40 Scout Tower
30:41 Scout Tower
30:42 Scout Tower
30:42 Scout Tower
30:43 Scout Tower
30:44 Scout Tower
30:45 Scout Tower
30:45 Scout Tower
30:46 Scout Tower
30:47 Scout Tower
30:48 Scout Tower
30:49 Scout Tower
30:49 Scout Tower
30:51 Scout Tower
30:52 Scout Tower
30:52 Scout Tower
30:54 Scout Tower
30:56 Scout Tower
31:57 Workshop
32:00 Workshop
32:01 Workshop
32:10 Guard Tower
33:18 Guard Tower
» items
| Lesser Clarity Potion | 1 | |
| Healing Salve | 1 | |
| Potion of Invisibility | 2 | |
| Staff of Teleportation | 3 | |
| Boots of Speed | 4 | |
| Potion of Healing | 1 | |
| Orb of Lightning | 3 | |
| Staff of Sanctuary | 3 | |
| Tome of Retraining | 1 | |
19 total
team 2 (loser)

»
Dark.hokage. (
pink | 68 APM | 2397 actions | 35:28)
6 Priestess of the Moon
2 Scout
3 Trueshot Aura
1 Starfall
1 Keeper of the Grove
1 Thorns Aura
» actions
| Assign group hotkey | 275 | |
| Basic commands | 1 | |
| Build / train | 76 | |
| Enter build submenu | 29 | |
| Enter hero's abilities submenu | 7 | |
| Remove unit from queue | 2 | |
| Right click | 949 | |
| Select / deselect | 494 | |
| Select group hotkey | 483 | |
| Use ability | 81 | |
2397 total
» units
| Wisp | 25 | |
| Archer | 8 | |
| Druid of the Claw | 6 | |
| Mountain Giant | 3 | |
| Glaive Thrower | 6 | |
| Goblin Zeppelin | 1 | |
| Dryad | 1 | |
| Chimaera | 1 | |
51 total
» upgrades
| Strength of the Wild | 2 | |
| Reinforced Hides | 3 | |
| Druid of the Claw Training | 2 | |
| Mark of the Claw | 1 | |
| Resistant Skin | 1 | |
| Hardened Skin | 1 | |
| Vorpal Blades | 1 | |
| Abolish Magic | 1 | |
| Corrosive Breath | 1 | |
13 total
» buildings
| Altar of Elders | 1 | |
| Moon Well | 8 | |
| Ancient of War | 1 | |
| Hunter's Hall | 1 | |
| Ancient Protector | 5 | |
| Tree of Ages | 2 | |
| Ancient of Wonders | 1 | |
| Tree of Eternity | 1 | |
| Ancient of Lore | 3 | |
| Ancient of Wind | 1 | |
| Tree of Life | 2 | |
| Chimaera Roost | 1 | |
27 total
» build order
00:50 Altar of Elders
00:54 Moon Well
01:08 Ancient of War
03:16 Hunter's Hall
04:07 Moon Well
04:08 Moon Well
04:52 Ancient Protector
04:58 Moon Well
05:42 Tree of Ages
05:42 Tree of Ages
07:41 Ancient of Wonders
08:33 Tree of Eternity
08:37 Ancient of Lore
09:14 Ancient of Wind
10:35 Ancient of Lore
10:51 Tree of Life
11:36 Ancient of Lore
14:35 Moon Well
14:36 Moon Well
15:03 Ancient Protector
15:04 Ancient Protector
15:12 Ancient Protector
16:42 Ancient Protector
19:05 Moon Well
19:58 Chimaera Roost
20:09 Moon Well
32:41 Tree of Life
» items

»
m.T- (
yellow | 70 APM | 2457 actions | 35:10)
4 Warden
2 Shadow Strike
2 Fan of Knives
» actions
| Assign group hotkey | 66 | |
| Basic commands | 33 | |
| Build / train | 80 | |
| Enter build submenu | 27 | |
| Enter hero's abilities submenu | 4 | |
| Remove unit from queue | 1 | |
| Right click | 1296 | |
| Select / deselect | 447 | |
| Select group hotkey | 397 | |
| Use ability | 106 | |
2457 total
» units
| Wisp | 18 | |
| Archer | 13 | |
| Glaive Thrower | 7 | |
| Hippogryph | 12 | |
| Blue Dragon | 1 | |
| Chimaera | 4 | |
55 total
» upgrades
| Ultravision | 1 | |
| Strength of the Moon | 3 | |
| Improved Bows | 1 | |
| Marksmanship | 1 | |
| Hippogryph Taming | 1 | |
| Moon Armor | 3 | |
| Strength of the Wild | 2 | |
| Reinforced Hides | 2 | |
| Corrosive Breath | 1 | |
15 total
» buildings
| Altar of Elders | 1 | |
| Moon Well | 5 | |
| Ancient of War | 2 | |
| Hunter's Hall | 1 | |
| Tree of Ages | 1 | |
| Tree of Eternity | 1 | |
| Ancient of Wind | 2 | |
| Ancient Protector | 8 | |
| Chimaera Roost | 2 | |
23 total
» build order
00:07 Altar of Elders
00:18 Moon Well
01:19 Ancient of War
01:26 Moon Well
02:19 Hunter's Hall
02:21 Moon Well
03:20 Ancient of War
03:58 Tree of Ages
08:16 Tree of Eternity
08:19 Ancient of Wind
08:23 Moon Well
11:27 Ancient Protector
11:29 Ancient Protector
11:33 Ancient Protector
11:37 Ancient Protector
11:44 Ancient Protector
12:29 Ancient of Wind
15:03 Moon Well
16:02 Ancient Protector
16:05 Ancient Protector
16:28 Ancient Protector
23:43 Chimaera Roost
23:46 Chimaera Roost
» items

»
mage_bibi (
teal | 58 APM | 2066 actions | 35:33)
6 Keeper of the Grove
3 Entangling Roots
2 Thorns Aura
1 Tranquility
» actions
| Assign group hotkey | 63 | |
| Basic commands | 7 | |
| Build / train | 71 | |
| Enter build submenu | 25 | |
| Enter hero's abilities submenu | 7 | |
| Give item / drop item | 4 | |
| Remove unit from queue | 1 | |
| Right click | 1064 | |
| Select / deselect | 363 | |
| Select group hotkey | 384 | |
| Use ability | 77 | |
2066 total
» units
» upgrades
| Strength of the Wild | 3 | |
| Corrosive Breath | 1 | |
| Reinforced Hides | 3 | |
| Well Spring | 1 | |
8 total
» buildings
| Altar of Elders | 1 | |
| Moon Well | 7 | |
| Ancient of War | 1 | |
| Tree of Ages | 1 | |
| Hunter's Hall | 1 | |
| Tree of Eternity | 1 | |
| Tree of Life | 1 | |
| Ancient of Wind | 1 | |
| Chimaera Roost | 3 | |
| Ancient Protector | 10 | |
27 total
» build order
00:13 Altar of Elders
00:18 Moon Well
00:41 Ancient of War
01:46 Moon Well
02:41 Moon Well
03:22 Tree of Ages
03:44 Moon Well
04:26 Hunter's Hall
05:11 Moon Well
06:04 Tree of Eternity
06:28 Tree of Life
06:44 Ancient of Wind
07:14 Moon Well
08:26 Chimaera Roost
08:30 Chimaera Roost
09:09 Moon Well
09:50 Chimaera Roost
12:50 Ancient Protector
12:56 Ancient Protector
13:05 Ancient Protector
15:17 Ancient Protector
15:20 Ancient Protector
15:40 Ancient Protector
15:43 Ancient Protector
15:48 Ancient Protector
15:52 Ancient Protector
15:58 Ancient Protector
» items
| Scroll of Healing | 1 | |
| Scroll of Protection | 1 | |
2 total

»
rouille (
blue | 58 APM | 2065 actions | 35:23)
5 Death Knight
3 Death Coil
2 Unholy Aura
4 Crypt Lord
2 Impale
2 Spiked Carapace
4 Lich
2 Frost Nova
2 Frost Armor
» actions
| Assign group hotkey | 49 | |
| Basic commands | 10 | |
| Build / train | 62 | |
| Enter build submenu | 20 | |
| Enter hero's abilities submenu | 13 | |
| Remove unit from queue | 2 | |
| Right click | 982 | |
| Select / deselect | 370 | |
| Select group hotkey | 485 | |
| Use ability | 72 | |
2065 total
» units
| Acolyte | 2 | |
| Ghoul | 3 | |
| Crypt Fiend | 8 | |
| Obsidian Statue | 9 | |
| Frost Wyrm | 5 | |
27 total
» upgrades
| Creature Attack | 3 | |
| Web | 1 | |
| Burrow | 1 | |
| Creature Carapace | 3 | |
| Destroyer Form | 1 | |
| Freezing Breath | 1 | |
10 total
» buildings
| Ziggurat | 9 | |
| Crypt | 1 | |
| Graveyard | 2 | |
| Altar of Darkness | 1 | |
| Nerubian Tower | 1 | |
| Halls of the Dead | 1 | |
| Tomb of Relics | 1 | |
| Slaughterhouse | 1 | |
| Black Citadel | 1 | |
| Spirit Tower | 3 | |
| Sacrificial Pit | 1 | |
| Boneyard | 1 | |
23 total
» build order
00:17 Ziggurat
00:21 Crypt
00:33 Graveyard
00:50 Altar of Darkness
01:14 Ziggurat
03:29 Nerubian Tower
04:12 Halls of the Dead
04:53 Ziggurat
05:38 Tomb of Relics
06:55 Slaughterhouse
08:00 Ziggurat
09:21 Black Citadel
09:25 Ziggurat
10:27 Ziggurat
11:30 Ziggurat
15:15 Spirit Tower
15:16 Spirit Tower
15:53 Spirit Tower
17:06 Graveyard
19:11 Sacrificial Pit
20:19 Boneyard
21:19 Ziggurat
24:59 Ziggurat
» items
Chat log
(00:22 / Allies) bLinn: as fast as possible
(01:33 / Allies) bLinn: Igmund Rupert Reud
(07:25 / All) iggy_the_fisk: ty noobs
(13:30 / All) CRYTEARSOFBLOOD: lucky nubs
(13:44 / All) m.T-: sry pro
(13:49 / All) iggy_the_fisk: bye noob
(15:59 / All) iggy_the_fisk: ty for the free win
(19:16 / All) iggy_the_fisk: bye noobs
(19:21 / All) mage_bibi: lol com noob
(19:23 / All) Dark.hokage.: tg fdp
(21:58 / All) NUTSONYOCHIN.de: FUCK
(23:30 / All) iggy_the_fisk: my balls are exploding what are you doing
(26:30 / All) iggy_the_fisk: mage_nobi
(26:35 / All) bLinn: lolling at this attempt..
(26:42 / All) iggy_the_fisk: ud noob
(26:42 / All) iggy_the_fisk: Leave
(29:30 / All) Dark.hokage.: noob
(30:13 / All) iggy_the_fisk: ty for free win again
(30:14 / All) iggy_the_fisk: real nice
(32:00 / All) iggy_the_fisk: ty noobs
(32:00 / All) iggy_the_fisk: ty
(32:02 / All) iggy_the_fisk: want gold?
(32:15 / All) m.T-: dont need
(32:17 / All) m.T-: gold hack ;)
(34:50 / All) iggy_the_fisk: ty free wi noobs
(34:51 / All) iggy_the_fisk: want gold?
(34:54 / All) CRYTEARSOFBLOOD: shit noobs
(35:00 / All) bLinn: even with a gold hack.. ur terribald
(35:14 / All) CRYTEARSOFBLOOD: lol
(35:18 / All) iggy_the_fisk: TY win
(35:20 / All) iggy_the_fisk: nice :)
(35:23 / Allies) CRYTEARSOFBLOOD: free wins r nice
(35:25 / All) CRYTEARSOFBLOOD: i like them
(35:27 / All) CRYTEARSOFBLOOD: yeah fuckin leave
(35:32 / All) CRYTEARSOFBLOOD: gg we from east